Map: Abiogenesis LE

Players

FAQ

  • Race: Terran Terran
  • Spawn Location: 5:00

A.I. 1 (Very Easy)

  • Race: Terran Terran
  • Spawn Location: 11:00

VOD

Have the link to the VOD?

Description

Time

  • Played on: April 23, 2018, 4:24 a.m.
  • Length: 56:55
Show
View Real Time Build Order
Export as new Build Order

FAQ Terran 

Build Orders: MMM Bio 

Get SALT Encoding   

    3:55  Protoss Ground Armor Level 3, Zerg Ground Armor Level 3, Protoss Air Weapons Level 3, Terran Vehicle Weapons Level 3, Zerg Melee Weapons Level 3, Protoss Shields Level 3, Terran Infantry Armor Level 3, Zerg Missile Weapons Level 3, Terran Infantry Weapons Level 3, Protoss Air Armor Level 3, Terran Ship Weapons Level 3, Protoss Ground Weapons Level 3, Zerg Flyer Armor Level 3, Terran Ship Armor Level 3, Terran Vehicle Armor Level 3, Zerg Flyer Weapons Level 3  
    4:16  Zerg Missile Weapons Level 2, Protoss Air Weapons Level 2, Terran Infantry Weapons Level 2, Zerg Flyer Weapons Level 2, Zerg Flyer Armor Level 2, Protoss Air Armor Level 2, Terran Infantry Armor Level 2, Protoss Ground Armor Level 2, Zerg Ground Armor Level 2, Terran Ship Weapons Level 2, Terran Vehicle Weapons Level 2, Zerg Melee Weapons Level 2, Terran Ship Armor Level 2, Protoss Ground Weapons Level 2, Protoss Shields Level 2, Terran Vehicle Armor Level 2  
    4:31  Blink, Stimpack  
    4:38  Terran Infantry Armor Level 1, Protoss Air Armor Level 1, Zerg Ground Armor Level 1, Terran Vehicle Armor Level 1, Protoss Air Weapons Level 1, Protoss Shields Level 1, Zerg Melee Weapons Level 1, Protoss Ground Weapons Level 1, Terran Ship Armor Level 1, Warp Gate, Zerg Flyer Weapons Level 1, Zerg Flyer Armor Level 1, Terran Infantry Weapons Level 1, Zerg Missile Weapons Level 1, Terran Vehicle Weapons Level 1, Protoss Ground Armor Level 1, Terran Ship Weapons Level 1  
    4:52  Building Armor, Resonating Glaives, Extended Thermal Lance, Charge  
    4:59  Adrenal Glands, Ventral Sacs  
    5:05  Enduring Locusts  
    5:06  Personal Cloaking  
    5:12  Psionic Storm  
    5:13  Tunneling Claws, Durable Materials, Chitinous Plating, Combat Shields, Corvid Reactor, Glial Reconstitution, Cloaking Field, Centrifical Hooks, Metabolic Boost, Neural Parasite, Infernal Pre-Igniter, Neosteel Frame  
    5:21  Muscular Augments x2, Burrow  
    5:35  Caduceus Reactor, Behemoth Reactor, Graviton Catapult, Hi-Sec Auto Tracking, Pathogen Glands, Moebius Reactor, Observer Gravitic Boosters, Gravitic Drive  
    5:40  Protoss Ground Armor Level 3, Zerg Ground Armor Level 3, Protoss Air Weapons Level 3, Terran Vehicle Weapons Level 3, Zerg Melee Weapons Level 3, Protoss Shields Level 3, Terran Infantry Armor Level 3, Zerg Missile Weapons Level 3, Terran Infantry Weapons Level 3, Protoss Air Armor Level 3, Terran Ship Weapons Level 3, Protoss Ground Weapons Level 3, Zerg Flyer Armor Level 3, Terran Ship Armor Level 3, Terran Vehicle Armor Level 3, Zerg Flyer Weapons Level 3  
    5:47  SCV x12  
    5:49  Concussive Shells, Pneumatized Carapace, Weapon Refit  
    5:59  Unknown  
    6:01  Zerg Missile Weapons Level 2, Protoss Air Weapons Level 2, Terran Infantry Weapons Level 2, Zerg Flyer Weapons Level 2, Zerg Flyer Armor Level 2, Protoss Air Armor Level 2, Terran Infantry Armor Level 2, Protoss Ground Armor Level 2, Zerg Ground Armor Level 2, Terran Ship Weapons Level 2, Terran Vehicle Weapons Level 2, Zerg Melee Weapons Level 2, Terran Ship Armor Level 2, Protoss Ground Weapons Level 2, Protoss Shields Level 2, Terran Vehicle Armor Level 2  
  12  6:05  SCV  
  13  6:16  Blink, Stimpack  
  13  6:17  Supply Depot  
  13  6:23  Terran Infantry Armor Level 1, Protoss Air Armor Level 1, Zerg Ground Armor Level 1, Terran Vehicle Armor Level 1, Protoss Air Weapons Level 1, Protoss Shields Level 1, Zerg Melee Weapons Level 1, Protoss Ground Weapons Level 1, Terran Ship Armor Level 1, Warp Gate, Zerg Flyer Weapons Level 1, Zerg Flyer Armor Level 1, Terran Infantry Weapons Level 1, Zerg Missile Weapons Level 1, Terran Vehicle Weapons Level 1, Protoss Ground Armor Level 1, Terran Ship Weapons Level 1  
  13  6:32  Unknown x5  
  13  6:37  Building Armor, Resonating Glaives, Extended Thermal Lance, Charge  
    6:44  Adrenal Glands, Ventral Sacs  
    6:50  Enduring Locusts  
    6:51  Personal Cloaking  
    6:57  Psionic Storm  
    6:58  Tunneling Claws, Durable Materials, Chitinous Plating, Combat Shields, Corvid Reactor, Glial Reconstitution, Cloaking Field, Centrifical Hooks, Metabolic Boost, Neural Parasite, Infernal Pre-Igniter, Neosteel Frame, Probe x12  
    7:06  Muscular Augments x2, Burrow  
    7:10  Unknown  
  12  7:16  Probe  
  12  7:20  Caduceus Reactor, Behemoth Reactor, Graviton Catapult, Hi-Sec Auto Tracking, Pathogen Glands, Moebius Reactor, Observer Gravitic Boosters, Gravitic Drive  
  13  7:32  Pylon  
  13  7:34  Concussive Shells, Pneumatized Carapace, Weapon Refit  
  13  7:53  Probe  
  14  8:08  Orbital Command  
  14  8:17  Unknown x5  
    8:21  SCV x12  
  12  8:35  SCV  
  13  8:48  SCV  
  14  8:52  Supply Depot  
  14  9:00  SCV  
  15  9:14  SCV  
  16  9:20  Barracks  
  16  9:26  SCV  
  16  9:29  Refinery  
  18  9:38  SCV  
  18  9:50  SCV  
  19  10:02  SCV  
  20  10:18  Orbital Command  
  20  10:21  Barracks Reactor  
  20  10:32  Command Center  
  20  10:53  SCV  
  21  11:11  Barracks  
  21  11:30  Marine x2  
  23  51:37  Protoss Ground Armor Level 3, Zerg Ground Armor Level 3, Protoss Air Weapons Level 3, Terran Vehicle Weapons Level 3, Zerg Melee Weapons Level 3, Protoss Shields Level 3, Terran Infantry Armor Level 3, Zerg Missile Weapons Level 3, Terran Infantry Weapons Level 3, Protoss Air Armor Level 3, Terran Ship Weapons Level 3, Protoss Ground Weapons Level 3, Zerg Flyer Armor Level 3, Terran Ship Armor Level 3, Terran Vehicle Armor Level 3, Zerg Flyer Weapons Level 3  
  23  51:58  Zerg Missile Weapons Level 2, Protoss Air Weapons Level 2, Terran Infantry Weapons Level 2, Zerg Flyer Weapons Level 2, Zerg Flyer Armor Level 2, Protoss Air Armor Level 2, Terran Infantry Armor Level 2, Protoss Ground Armor Level 2, Zerg Ground Armor Level 2, Terran Ship Weapons Level 2, Terran Vehicle Weapons Level 2, Zerg Melee Weapons Level 2, Terran Ship Armor Level 2, Protoss Ground Weapons Level 2, Protoss Shields Level 2, Terran Vehicle Armor Level 2  
  23  52:13  Blink, Stimpack  
  23  52:20  Terran Infantry Armor Level 1, Protoss Air Armor Level 1, Zerg Ground Armor Level 1, Terran Vehicle Armor Level 1, Protoss Air Weapons Level 1, Protoss Shields Level 1, Zerg Melee Weapons Level 1, Protoss Ground Weapons Level 1, Terran Ship Armor Level 1, Warp Gate, Zerg Flyer Weapons Level 1, Zerg Flyer Armor Level 1, Terran Infantry Weapons Level 1, Zerg Missile Weapons Level 1, Terran Vehicle Weapons Level 1, Protoss Ground Armor Level 1, Terran Ship Weapons Level 1  
  23  52:34  Building Armor, Resonating Glaives, Extended Thermal Lance, Charge  
  23  52:41  Adrenal Glands, Ventral Sacs  
  23  52:47  Enduring Locusts  
  23  52:48  Personal Cloaking  
  23  52:54  Psionic Storm  
  23  52:55  Tunneling Claws, Durable Materials, Chitinous Plating, Combat Shields, Corvid Reactor, Glial Reconstitution, Cloaking Field, Centrifical Hooks, Metabolic Boost, Neural Parasite, Infernal Pre-Igniter, Neosteel Frame  
  23  53:03  Muscular Augments x2, Burrow  
  23  53:17  Caduceus Reactor, Behemoth Reactor, Graviton Catapult, Hi-Sec Auto Tracking, Pathogen Glands, Moebius Reactor, Observer Gravitic Boosters, Gravitic Drive  
  23  53:31  Concussive Shells, Pneumatized Carapace, Weapon Refit  
  23  54:14  Unknown x5  
Show
View Real Time Build Order
Export as new Build Order

A.I. 1 (Very Easy) Terran 

Build Orders: Command Center First (CC), MMM Bio 

Get SALT Encoding   

    3:55  Protoss Ground Armor Level 3, Zerg Ground Armor Level 3, Protoss Air Weapons Level 3, Terran Vehicle Weapons Level 3, Zerg Melee Weapons Level 3, Protoss Shields Level 3, Terran Infantry Armor Level 3, Zerg Missile Weapons Level 3, Terran Infantry Weapons Level 3, Protoss Air Armor Level 3, Terran Ship Weapons Level 3, Protoss Ground Weapons Level 3, Zerg Flyer Armor Level 3, Terran Ship Armor Level 3, Terran Vehicle Armor Level 3, Zerg Flyer Weapons Level 3  
    4:16  Zerg Missile Weapons Level 2, Protoss Air Weapons Level 2, Terran Infantry Weapons Level 2, Zerg Flyer Weapons Level 2, Zerg Flyer Armor Level 2, Protoss Air Armor Level 2, Terran Infantry Armor Level 2, Protoss Ground Armor Level 2, Zerg Ground Armor Level 2, Terran Ship Weapons Level 2, Terran Vehicle Weapons Level 2, Zerg Melee Weapons Level 2, Terran Ship Armor Level 2, Protoss Ground Weapons Level 2, Protoss Shields Level 2, Terran Vehicle Armor Level 2  
    4:31  Blink, Stimpack  
    4:38  Terran Infantry Armor Level 1, Protoss Air Armor Level 1, Zerg Ground Armor Level 1, Terran Vehicle Armor Level 1, Protoss Air Weapons Level 1, Protoss Shields Level 1, Zerg Melee Weapons Level 1, Protoss Ground Weapons Level 1, Terran Ship Armor Level 1, Warp Gate, Zerg Flyer Weapons Level 1, Zerg Flyer Armor Level 1, Terran Infantry Weapons Level 1, Zerg Missile Weapons Level 1, Terran Vehicle Weapons Level 1, Protoss Ground Armor Level 1, Terran Ship Weapons Level 1  
    4:52  Building Armor, Resonating Glaives, Extended Thermal Lance, Charge  
    4:59  Adrenal Glands, Ventral Sacs  
    5:05  Enduring Locusts  
    5:06  Personal Cloaking  
    5:12  Psionic Storm  
    5:13  Tunneling Claws, Durable Materials, Chitinous Plating, Combat Shields, Corvid Reactor, Glial Reconstitution, Cloaking Field, Centrifical Hooks, Metabolic Boost, Neural Parasite, Infernal Pre-Igniter, Neosteel Frame  
    5:21  Muscular Augments x2, Burrow  
    5:35  Caduceus Reactor, Behemoth Reactor, Graviton Catapult, Hi-Sec Auto Tracking, Pathogen Glands, Moebius Reactor, Observer Gravitic Boosters, Gravitic Drive  
    5:40  Protoss Ground Armor Level 3, Zerg Ground Armor Level 3, Protoss Air Weapons Level 3, Terran Vehicle Weapons Level 3, Zerg Melee Weapons Level 3, Protoss Shields Level 3, Terran Infantry Armor Level 3, Zerg Missile Weapons Level 3, Terran Infantry Weapons Level 3, Protoss Air Armor Level 3, Terran Ship Weapons Level 3, Protoss Ground Weapons Level 3, Zerg Flyer Armor Level 3, Terran Ship Armor Level 3, Terran Vehicle Armor Level 3, Zerg Flyer Weapons Level 3  
    5:47  SCV x12  
    5:49  Concussive Shells, Pneumatized Carapace, Weapon Refit  
    5:59  Unknown  
    6:01  Zerg Missile Weapons Level 2, Protoss Air Weapons Level 2, Terran Infantry Weapons Level 2, Zerg Flyer Weapons Level 2, Zerg Flyer Armor Level 2, Protoss Air Armor Level 2, Terran Infantry Armor Level 2, SCV, Terran Vehicle Weapons Level 2, Zerg Ground Armor Level 2, Terran Ship Weapons Level 2, Protoss Ground Armor Level 2, Zerg Melee Weapons Level 2, Terran Ship Armor Level 2, Protoss Ground Weapons Level 2, Protoss Shields Level 2, Terran Vehicle Armor Level 2  
  13  6:16  Blink, Stimpack  
  13  6:17  Supply Depot  
  13  6:23  Terran Infantry Armor Level 1, Protoss Air Armor Level 1, Zerg Ground Armor Level 1, Terran Vehicle Armor Level 1, Protoss Air Weapons Level 1, Protoss Shields Level 1, Zerg Melee Weapons Level 1, Protoss Ground Weapons Level 1, Terran Ship Armor Level 1, Warp Gate, Zerg Flyer Weapons Level 1, Zerg Flyer Armor Level 1, Terran Infantry Weapons Level 1, Zerg Missile Weapons Level 1, Terran Vehicle Weapons Level 1, Protoss Ground Armor Level 1, Terran Ship Weapons Level 1  
  13  6:32  Unknown x5  
  13  6:37  Building Armor, Resonating Glaives, Extended Thermal Lance, Charge  
    6:44  Adrenal Glands, Ventral Sacs  
    6:50  Enduring Locusts  
    6:51  Personal Cloaking  
    6:57  Psionic Storm  
    6:58  Tunneling Claws, Durable Materials, Chitinous Plating, Combat Shields, Corvid Reactor, Glial Reconstitution, Cloaking Field, Centrifical Hooks, Metabolic Boost, SCV x12, Neural Parasite, Infernal Pre-Igniter, Neosteel Frame  
    7:06  Muscular Augments x2, Burrow  
    7:10  Unknown  
    7:13  SCV  
  13  7:20  Caduceus Reactor, Behemoth Reactor, Graviton Catapult, Hi-Sec Auto Tracking, Pathogen Glands, Moebius Reactor, Observer Gravitic Boosters, Gravitic Drive  
  13  7:25  SCV  
  14  7:31  Supply Depot  
  14  7:34  Concussive Shells, Pneumatized Carapace, Weapon Refit  
  14  7:37  SCV  
  15  7:52  SCV  
  16  8:17  Unknown x5  
    8:21  SCV x12  
    8:33  Unknown  
  12  8:36  SCV  
  13  8:48  SCV  
  14  8:53  Supply Depot  
  14  9:00  SCV  
  15  9:15  SCV  
  16  9:27  SCV  
  17  9:39  SCV  
  18  9:51  Command Center  
  18  10:23  SCV  
  18  10:25  Supply Depot  
  18  10:28  Barracks  
  19  10:35  SCV  
  20  10:47  SCV  
  21  10:59  SCV  
  21  11:02  SCV  
  23  11:11  SCV  
  23  11:16  Marine  
  23  11:17  SCV  
  26  11:24  SCV  
  27  11:31  SCV  
  28  11:34  Marine  
  28  11:38  SCV  
  30  11:45  SCV  
  31  11:52  SCV  
  32  11:59  SCV  
  35  51:37  Protoss Ground Armor Level 3, Zerg Ground Armor Level 3, Protoss Air Weapons Level 3, Terran Vehicle Weapons Level 3, Zerg Melee Weapons Level 3, Protoss Shields Level 3, Terran Infantry Armor Level 3, Zerg Missile Weapons Level 3, Terran Infantry Weapons Level 3, Protoss Air Armor Level 3, Terran Ship Weapons Level 3, Protoss Ground Weapons Level 3, Zerg Flyer Armor Level 3, Terran Ship Armor Level 3, Terran Vehicle Armor Level 3, Zerg Flyer Weapons Level 3  
  35  51:58  Zerg Missile Weapons Level 2, Protoss Air Weapons Level 2, Terran Infantry Weapons Level 2, Zerg Flyer Weapons Level 2, Zerg Flyer Armor Level 2, Protoss Air Armor Level 2, Terran Infantry Armor Level 2, Protoss Ground Armor Level 2, Zerg Ground Armor Level 2, Terran Ship Weapons Level 2, Terran Vehicle Weapons Level 2, Zerg Melee Weapons Level 2, Terran Ship Armor Level 2, Protoss Ground Weapons Level 2, Protoss Shields Level 2, Terran Vehicle Armor Level 2  
  35  52:13  Blink, Stimpack  
  35  52:20  Terran Infantry Armor Level 1, Protoss Air Armor Level 1, Zerg Ground Armor Level 1, Terran Vehicle Armor Level 1, Protoss Air Weapons Level 1, Protoss Shields Level 1, Zerg Melee Weapons Level 1, Protoss Ground Weapons Level 1, Terran Ship Armor Level 1, Warp Gate, Zerg Flyer Weapons Level 1, Zerg Flyer Armor Level 1, Terran Infantry Weapons Level 1, Zerg Missile Weapons Level 1, Terran Vehicle Weapons Level 1, Protoss Ground Armor Level 1, Terran Ship Weapons Level 1  
  35  52:34  Building Armor, Resonating Glaives, Extended Thermal Lance, Charge  
  35  52:41  Adrenal Glands, Ventral Sacs  
  35  52:47  Enduring Locusts  
  35  52:48  Personal Cloaking  
  35  52:54  Psionic Storm  
  35  52:55  Tunneling Claws, Durable Materials, Chitinous Plating, Combat Shields, Corvid Reactor, Glial Reconstitution, Cloaking Field, Centrifical Hooks, Metabolic Boost, Neural Parasite, Infernal Pre-Igniter, Neosteel Frame  
  35  53:03  Muscular Augments x2, Burrow  
  35  53:17  Caduceus Reactor, Behemoth Reactor, Graviton Catapult, Hi-Sec Auto Tracking, Pathogen Glands, Moebius Reactor, Observer Gravitic Boosters, Gravitic Drive  
  35  53:31  Concussive Shells, Pneumatized Carapace, Weapon Refit  
  35  53:54  SCV  
  36  54:14  Unknown x5  
Tags
 
Add a new tag
Caveats
  • Supply blocks, unpowered buildings, or Contaminate may cause inaccurate times.
  • Supply counts are checked every 10 seconds.